MTF, lawful female human Valkyrie --------- |.......| |.....@.| 5 |H.%@...| |.......| | |..%%...| | |. ----)---- .| |......).....5| ---...)..%..--- -----&----- -.533... ------- 5...545. ......| ....)5. ---...--.%...%.. |....--....).. ---..I----|--- |..III%%T@%. ------------ MTF the Champion Experience level: 27 Strength: 25 Dexterity: 16 Constitution: 18 Intelligence: 11 Wisdom: 18 Charisma: 11 Health: 232(232) Energy: 112(112) Def: 48 Gold: 1052 Moves: 57885 Dungeon seed: VXq12pWcK9Za8j1c Game ID: MTF_1499142119 Your Inventory: Coins $ - 1052 gold pieces Amulets f - an uncursed amulet of life saving p - an uncursed amulet of reflection (being worn) B - an uncursed amulet of magical breathing Weapons a - the blessed rustproof +6 Excalibur (weapon in hand) O - an uncursed +3 silver spear (wielded in other hand) Armor n - a blessed fireproof +4 pair of speed boots (being worn) q - a blessed +4 gray dragon scale mail (being worn) r - a blessed fireproof +4 cloak of protection (being worn) t - a blessed fireproof +6 elven leather helm (being worn) y - a blessed fireproof +4 Hawaiian shirt (being worn) N - an uncursed rustproof +5 pair of gauntlets of power (being worn) Comestibles z - an uncursed K-ration H - 5 uncursed lumps of royal jelly S - an uncursed lizard corpse Scrolls h - an uncursed scroll of light U - an uncursed scroll of teleportation Potions c - an uncursed potion of water j - an uncursed potion of restore ability l - an uncursed potion of levitation u - an uncursed potion of fruit juice w - 4 blessed diluted potions of full healing M - a cursed potion of invisibility T - an uncursed potion of confusion V - a blessed potion of healing Rings i - a blessed ring of teleport control k - a blessed +5 ring of increase damage o - a blessed ring of free action (on right hand) v - a blessed ring of levitation x - an uncursed very rusty ring of conflict (on left hand) G - an uncursed ring of fire resistance Wands b - an uncursed wand of sleep (0:6) g - an uncursed wand of polymorph (0:4) m - an uncursed wand of cancellation (0:6) A - an uncursed corrodeproof wand of digging (0:8) C - an uncursed wand of teleportation (0:5) D - an uncursed wand of teleportation (0:0) E - an uncursed wand of cold (0:6) F - an uncursed wand of digging (0:4) I - an uncursed wand of cold (0:5) L - an uncursed wand of make invisible (0:5) P - an uncursed wand of slow monster (0:8) Q - an uncursed wand of make invisible (0:1) W - an uncursed wand of death (0:1) X - an uncursed rusty wand of cancellation (0:1) Tools d - the uncursed Orb of Fate (0:0) e - an uncursed magic lamp (lit) s - the uncursed Candelabrum of Invocation (7 candles attached) (0:93) K - a blessed +0 unicorn horn R - an uncursed towel Y - an uncursed very rusty skeleton key Z - a blessed bag of holding Contents of the bag of holding: an uncursed amulet of ESP the blessed rustproof +6 Mjollnir 3 uncursed cram rations an uncursed eucalyptus leaf 3 uncursed lizard corpses an uncursed sprig of wolfsbane a blessed scroll of blank paper a blessed scroll of blank paper 3 blessed scrolls of blank paper a blessed scroll of blank paper a blessed scroll of blank paper 3 uncursed scrolls of blank paper 2 uncursed scrolls of blank paper an uncursed scroll of blank paper an uncursed scroll of blank paper 10 uncursed scrolls of blank paper 2 uncursed scrolls of blank paper 3 uncursed scrolls of blank paper an uncursed scroll of blank paper an uncursed scroll of blank paper an uncursed scroll of blank paper a cursed scroll of blank paper 2 cursed scrolls of destroy armor 6 blessed diluted potions of extra healing an uncursed diluted potion of full healing an uncursed potion of booze a cursed potion of extra healing 3 blessed potions of full healing 6 potions of holy water 2 uncursed potions of water an uncursed ring of conflict an uncursed ring of regeneration an uncursed rusty wand of cold (0:6) an uncursed very rusty wand of cold (0:5) an uncursed very rusty wand of cold (0:3) an uncursed wand of create monster (0:4) an uncursed wand of create monster (0:0) an uncursed thoroughly rusty wand of death (0:0) an uncursed wand of digging (0:8) an uncursed wand of digging (0:7) an uncursed wand of digging (0:7) an uncursed wand of digging (0:7) an uncursed wand of digging (0:6) an uncursed wand of digging (0:5) an uncursed wand of enlightenment (0:10) an uncursed very rusty wand of fire (0:4) an uncursed wand of lightning (0:8) an uncursed wand of lightning (0:4) an uncursed wand of lightning (0:0) an uncursed rusty wand of magic missile (0:7) an uncursed very rusty wand of magic missile (0:6) an uncursed wand of sleep (0:8) an uncursed wand of sleep (0:7) an uncursed wand of slow monster (0:6) an uncursed wand of slow monster (0:6) a cursed wand of striking (0:7) an uncursed wand of striking (0:6) an uncursed wand of striking (0:5) an uncursed wand of striking (0:4) an uncursed wand of teleportation (0:6) an uncursed very rusty tin opener 5 uncursed amethyst stones 3 uncursed diamonds 3 uncursed emeralds a blessed luckstone 3 uncursed rubies Spells and supernatural/magical abilities: Name Level Category Fail Memory m - magic missile 2 attack 85% 69% W - pray for help -- divine ? -- Your skills at the end: Fighting Skills two weapon combat [Skilled] wands [Skilled] Weapon Skills dagger [Basic] long sword [Expert] hammer [Basic] spear [Basic] Spellcasting Skills Final Attributes: You were the Hand of Elbereth. You were piously aligned. You were fire resistant. You were cold resistant. You were sleep resistant. You were shock resistant. You were poison resistant. You were level-drain resistant. You were magic-protected. You saw invisible. You were telepathic. You were warned. You were stealthy. You aggravated monsters. You caused conflict. You were protected. You were very fast. You had reflection. You had free action. You were wielding two weapons at once. You were extremely lucky. You had extra luck. Bad luck did not time out for you. Good luck did not time out for you. You survived. Vanquished creatures: Asmodeus Baalzebub Orcus Juiblex The Wizard of Yendor (8 times) Pestilence (thrice) a high priest 4 mastodons Medusa Croesus 17 krakens 4 iron golems 11 storm giants 5 balrogs 11 purple worms 3 gray dragons 3 red dragons 7 white dragons an orange dragon 5 black dragons 5 blue dragons a yellow dragon 30 minotaurs a jabberwock Lord Surtur 11 baluchitheria 10 Angels Vlad the Impaler 6 stone golems 9 Olog-hai a Nazgul 11 pit fiends 3 sandestins 8 hell hounds 19 titanotheres 15 trappers 2 baby gray dragons a baby red dragon a guardian naga 4 disenchanters 33 vampire lords 6 shades 5 skeletons 19 aligned priests a captain a lich 3 water trolls 6 clay golems 5 nurses 7 ice devils 6 nalfeshnees 5 lurkers above 9 frost giants 2 ettins a golden naga 8 black puddings 34 vampires 36 ghosts a lieutenant a cavewoman a knight a rogue a queen bee 6 winged gargoyles 10 giant mimics 14 zruties 35 fire giants 14 ogre kings 2 ice trolls 25 rock trolls 24 umber hulks 6 flesh golems 2 Elvenkings 2 doppelgangers 17 hezrous 17 bone devils 10 large mimics 3 wumpuses 7 fire vortices 8 long worms 20 stalkers 17 air elementals 9 fire elementals 5 earth elementals 15 water elementals 18 hill giants 8 giant mummies 10 xorns 26 giant zombies an elf-lord 9 sergeants 2 water demons 3 barbed devils 20 vrocks 3 salamanders 20 wargs 3 winter wolves 6 hell hound pups 14 small mimics 4 glass piercers 6 warhorses 11 steam vortices 17 xans 7 ettin mummies 12 ogre lords 22 quantum mechanics 19 trolls 4 wood golems an erinys 6 mariliths 4 djinn 8 sharks 8 electric eels 10 gelatinous cubes 4 pyrolisks 2 large dogs 4 freezing spheres 11 flaming spheres 9 shocking spheres 6 large cats 12 tigers 14 gargoyles 3 dwarf kings 2 tengu 6 ochre jellies 9 leocrottas 10 energy vortices 13 mountain centaurs 3 stone giants 8 elf mummies 11 human mummies 6 red nagas 5 green slimes 5 pit vipers 7 pythons 9 cobras 62 wraiths 4 carnivorous apes 21 ettin zombies 8 leather golems 6 Grey-elves 56 soldiers 3 horned devils 9 succubi 7 incubi 10 chameleons 5 crocodiles 10 giant beetles 10 quivering blobs 20 cockatrices 13 wolves 10 winter wolf cubs 6 lynxes 2 panthers 10 gremlins 5 spotted jellies 10 leprechauns 4 orc-captains 7 iron piercers 4 mumakil 22 giant spiders 16 scorpions 8 horses 3 ice vortices 9 black lights 12 vampire bats 12 forest centaurs 10 gnome kings 4 orc mummies 8 dwarf mummies 13 ogres 12 brown puddings 16 rust monsters 17 owlbears 19 yetis 6 gold golems 3 werewolves 9 Green-elves 6 piranhas 25 giant eels 28 lizards 8 warriors 14 chickatrices 4 dogs a dingo 6 housecats 14 jaguars 2 dwarf lords 4 blue jellies 6 gray unicorns 2 black unicorns 9 dust vortices 3 ravens 7 plains centaurs 7 gnome mummies 6 snakes 23 apes 56 human zombies 4 rope golems 7 Woodland-elves 37 soldier ants 118 fire ants 16 bugbears 2 imps 5 quasits 7 wood nymphs 6 water nymphs 5 mountain nymphs 25 Mordor orcs 11 Uruk-hai 4 orc shamans 11 rock piercers 8 rock moles 6 ponies 8 fog clouds 13 yellow lights 4 shriekers 8 violet fungi 25 gnome lords 13 gnomish wizards 4 kobold mummies a black naga hatchling a golden naga hatchling 2 guardian naga hatchlings 5 gray oozes 6 barrow wights 30 elf zombies 11 ghouls 4 straw golems 7 paper golems 8 jellyfish 2 baby crocodiles 13 giant ants 3 little dogs 16 floating eyes 7 kittens 7 dwarves 4 homunculi 3 kobold lords 6 kobold shamans 29 hill orcs 45 rothes 7 rabid rats 3 centipedes 5 giant bats 4 monkeys 11 orc zombies 18 dwarf zombies 3 wererats a werejackal 17 iguanas 36 killer bees 3 acid blobs 2 coyotes 4 gas spores 10 hobbits 16 manes 5 large kobolds 31 hobgoblins 12 giant rats 7 cave spiders 3 brown molds 9 yellow molds 2 green molds 3 red molds 59 gnomes 19 garter snakes 11 gnome zombies 15 geckos 13 jackals 3 foxes 4 kobolds 12 goblins 6 sewer rats 15 grid bugs 16 bats 6 lichens 19 kobold zombies 11 newts 2840 creatures vanquished. Genocided species: hobbits bugbears dwarf lords dwarf kings mind flayers master mind flayers baby gray dragons liches demiliches master liches arch-liches Woodland-elves Green-elves Grey-elves elf-lords Elvenkings doppelgangers nurses soldiers sergeants lieutenants captains watchmen watch captains jellyfish piranhas sharks giant eels electric eels krakens 30 species genocided. Voluntary challenges: You had been an atheist until turn 5197. You used a wielded weapon 4023 times, starting on turn 133. You read items or engraved 127 times, starting on turn 720. You genocided 30 types of monsters, starting on turn 22548. You polymorphed 125 items, starting on turn 21419. You changed form 1 time, starting on turn 22154. You used 7 wishes, starting on turn 5279. You wished for your your first artifact on turn 33802. You split 9 puddings, starting on turn 10471. You wrote Elbereth's name 15 times, starting on turn 6068. You violated your moral code, losing 820 points of alignment, starting on turn 4250. Dungeon overview: The Dungeons of Doom: levels 1 to 26 Level 1 an altar to Tyr, a fountain, a vault stairs to The Elemental Planes Level 2 an armor shop, a fountain, a vault stairs to The Gnomish Mines Level 3 a general store, a vault Level 4 a scroll shop Level 5 a sink Level 6 a scroll shop, a vault Level 7 (plate armor) a sink, a vault Level 8 Level 9 some fountains stairs to Sokoban Level 10 a fountain Level 11 a vault portal to Fort Ludios Level 12 Level 13 Level 14 (Altar / Quest) a temple to Tyr portal to The Quest Level 15 a sink, a vault Level 16 Level 17 Level 18 an altar to Loki, some fountains, a vault Level 19 Level 20 Level 21 a sink, a vault Level 22 Level 23 Level 24 Level 25 Level 26 Gehennom: levels 27 to 50 Level 27 a temple to Moloch stairs to The Dungeons of Doom Level 28 Level 29 Level 30 Level 31 Level 32 Level 33 Level 34 Level 35 stairs to Vlad's Tower Level 36 Level 37 Level 38 Level 39 portal to Gehennom Level 40 Level 41 some shops, an altar to Moloch Level 42 Level 43 Level 44 Level 45 Level 46 (wiz tower) Level 47 portal to Gehennom Level 48 Level 49 Level 50 The Gnomish Mines: levels 3 to 10 Level 3 stairs to The Dungeons of Doom Level 4 Level 5 many shops, a temple to Tyr, some fountains Level 6 Level 7 Level 8 Level 9 Level 10 some fountains The Quest: levels 1 to 6 Level 1 portal to The Dungeons of Doom Level 2 Level 3 Level 4 Level 5 Level 6 Sokoban: levels 5 to 8 Level 5 Level 6 Level 7 Level 8 stairs to The Dungeons of Doom Fort Ludios: Level 1 portal to The Dungeons of Doom Vlad's Tower: levels 32 to 34 Level 32 Level 33 Level 34 stairs to Gehennom The Elemental Planes: Astral Plane <- You were here a high altar Plane 4 portal to The Elemental Planes Plane 3 portal to The Elemental Planes Plane 2 portal to The Elemental Planes Plane 1 portal to The Elemental Planes History has recorded: On T:1 you entered the Dungeons of Doom to retrieve the Amulet of Yendor! On T:416 you reached level 2 of The Dungeons of Doom. On T:426 you advanced to experience level 2. On T:667 you advanced to experience level 3. On T:783 you reached level 1 of The Gnomish Mines. On T:842 you reached level 3 of The Dungeons of Doom. On T:1177 you reached level 4 of The Dungeons of Doom. On T:1644 you advanced to experience level 4. On T:1669 you reached level 5 of The Dungeons of Doom. On T:2052 you reached level 6 of The Dungeons of Doom. On T:2058 you reached level 7 of The Dungeons of Doom. On T:2485 you advanced to experience level 5. On T:2836 you reached level 8 of The Dungeons of Doom. On T:2870 you advanced to experience level 6. On T:3474 you advanced to experience level 7. On T:4692 you reached level 2 of The Gnomish Mines. On T:4840 you reached level 3 of The Gnomish Mines. On T:5279 you wished for "blessed greased fixed +3 gray dragon scale mail". On T:5479 you reached level 4 of The Gnomish Mines. On T:5552 you advanced to experience level 8. On T:5807 you reached level 5 of The Gnomish Mines. On T:5999 you reached level 7 of The Gnomish Mines. On T:6346 you reached level 6 of The Gnomish Mines. On T:6867 you reached level 8 of The Gnomish Mines. On T:7125 you advanced to experience level 9. On T:9688 you reached level 9 of The Dungeons of Doom. On T:9729 you reached level 4 of Sokoban. On T:10583 you reached level 3 of Sokoban. On T:11614 you reached level 2 of Sokoban. On T:12116 you reached level 1 of Sokoban. On T:13525 you advanced to experience level 10. On T:14566 you reached level 10 of The Dungeons of Doom. On T:14941 you reached level 11 of The Dungeons of Doom. On T:15380 you reached level 12 of The Dungeons of Doom. On T:15713 you reached level 13 of The Dungeons of Doom. On T:16298 you reached level 14 of The Dungeons of Doom. On T:16364 you reached level 15 of The Dungeons of Doom. On T:17803 you reached level 16 of The Dungeons of Doom. On T:18652 you reached level 17 of The Dungeons of Doom. On T:18785 you advanced to experience level 11. On T:19065 you reached level 18 of The Dungeons of Doom. On T:19227 you reached level 20 of The Dungeons of Doom. On T:19532 you reached level 19 of The Dungeons of Doom. On T:20304 you reached level 21 of The Dungeons of Doom. On T:20498 you advanced to experience level 12. On T:21211 you received advice from The Oracle. On T:22171 you reached level 22 of The Dungeons of Doom. On T:22611 you killed Medusa on level 22 of The Dungeons of Doom. On T:22611 you advanced to experience level 13. On T:22623 you reached level 23 of The Dungeons of Doom. On T:23716 you reached level 24 of The Dungeons of Doom. On T:24072 you reached level 25 of The Dungeons of Doom. On T:24123 you reached The Castle. On T:24771 you advanced to experience level 14. On T:28102 you reached level 1 of The Quest. On T:29416 you embarked upon an epic quest. On T:29514 you reached level 2 of The Quest. On T:29643 you reached level 3 of The Quest. On T:29724 you advanced to experience level 15. On T:29985 you reached level 4 of The Quest. On T:30106 you reached level 5 of The Quest. On T:30191 you reached level 6 of The Quest. On T:30309 you killed Lord Surtur on level 6 of The Quest. On T:30309 you advanced to experience level 16. On T:30680 you completed the quest! On T:31357 you received Mjollnir from Tyr. On T:33034 you advanced to experience level 17. On T:33461 you advanced to experience level 18. On T:33761 you wished for "greased fixed +2 speed boots". On T:33769 you wished for "blessed fixed amulet of reflection". On T:33773 you wished for "blessed fixed greased +2 cloak of protection". On T:33776 you wished for "blessed ring of levitation". On T:33781 you wished for "Blessed magic marker". On T:33802 you wished for "Blessed Grayswandir". On T:34455 you advanced to experience level 19. On T:36320 you advanced to experience level 20. On T:38629 you were crowned as the Hand of Elbereth! On T:38828 you reached The Valley of the Dead. On T:40554 you reached level 2 of Gehennom. On T:40896 you reached level 3 of Gehennom. On T:40990 you reached level 4 of Gehennom. On T:41343 you killed Asmodeus on level 3 of Gehennom. On T:41343 you advanced to experience level 21. On T:41484 you reached level 5 of Gehennom. On T:41571 you reached level 6 of Gehennom. On T:41634 you killed Juiblex on level 6 of Gehennom. On T:41704 you reached level 7 of Gehennom. On T:41904 you reached level 8 of Gehennom. On T:41910 you killed Baalzebub on level 8 of Gehennom. On T:42016 you reached level 9 of Gehennom. On T:42188 you reached level 3 of Vlad's Tower. On T:42310 you reached level 2 of Vlad's Tower. On T:42444 you reached level 1 of Vlad's Tower. On T:42555 you killed Vlad the Impaler on level 1 of Vlad's Tower. On T:42875 you reached level 10 of Gehennom. On T:42956 you reached level 11 of Gehennom. On T:43610 you reached level 12 of Gehennom. On T:43914 you reached level 13 of Gehennom. On T:44446 you reached level 14 of Gehennom. On T:45040 you reached level 15 of Gehennom. On T:45043 you reached level 16 of Gehennom. On T:45055 you advanced to experience level 22. On T:45057 you advanced to experience level 23. On T:45446 you killed Orcus on level 16 of Gehennom. On T:45528 you advanced to experience level 24. On T:46293 you reached level 17 of Gehennom. On T:47103 you reached level 18 of Gehennom. On T:47898 you reached level 19 of Gehennom. On T:48692 you reached level 20 of Gehennom. On T:49723 you reached level 21 of Gehennom. On T:50277 you reached level 22 of Gehennom. On T:50351 you reached level 23 of Gehennom. On T:51095 you advanced to experience level 25. On T:52858 you reached Fort Ludios. On T:53467 you killed Croesus in Fort Ludios. On T:55177 you advanced to experience level 26. On T:55475 you advanced to experience level 27. On T:55481 you killed Wizard of Yendor on level 11 of Gehennom. On T:55518 you performed the invocation. On T:55518 you reached level 24 of Gehennom. On T:55760 you killed high priestess of Moloch on level 24 of Gehennom. On T:55766 you killed Wizard of Yendor on level 24 of Gehennom. On T:55805 you gained the Amulet of Yendor! On T:56027 you killed Wizard of Yendor on level 15 of Gehennom. On T:56028 you killed Wizard of Yendor on level 15 of Gehennom. On T:56191 you killed Wizard of Yendor on level 9 of Gehennom. On T:56192 you killed Wizard of Yendor on level 9 of Gehennom. On T:57449 you reached the Plane of Earth. On T:57451 you killed Wizard of Yendor on the Plane of Earth. On T:57451 you killed Wizard of Yendor on the Plane of Earth. On T:57477 you reached the Plane of Air. On T:57564 you reached the Plane of Fire. On T:57610 you reached the Plane of Water. On T:57822 you reached the Astral Plane. On T:57835 you killed Pestilence on the Astral Plane. On T:57836 you killed Pestilence on the Astral Plane. On T:57848 you killed Pestilence on the Astral Plane. On T:57885 you lost the Amulet of Yendor. On T:57885 you offered the Amulet of Yendor to Tyr and ascended to the status of Demigoddess! Score breakdown: Gold: 1052 (10281 points) Experience: 27 levels (28405 points) Exploration: 50 levels (100.00%) (30000 points) Discoveries: 136 items ( 54.84%) (22215 points) Valuables value: 33600 (15397 points) Artifact value: 12500 (13936 points) Variety of kills: 279 monsters ( 72.85%) (25604 points) Turncount: 57885 turns (-4972 points) Survival: ascended (score multiplied by 200%) Total score: 281732 Latest messages: You have a little trouble lifting h - a scroll of light. You have a little trouble lifting j - a potion of restore ability. You have a little trouble lifting l - a potion of levitation. You have a little trouble lifting m - a wand of cancellation. You have a little trouble lifting u - a potion of fruit juice. You have a little trouble lifting E - a wand of cold. You have a little trouble lifting I - a wand of cold. You have a little trouble lifting L - a wand of make invisible. Your knapsack cannot accommodate any more items. There are many more objects here. You hear some noises in the distance. Death zaps a wand of speed monster! You feel an absence of magical power. There is an altar to Tyr (lawful) here. You offer the Amulet of Yendor to Tyr... An invisible choir sings, and you are bathed in radiance... The voice of Tyr thunders: "Congratulations, mortal!" "In return for thy service, I grant thee the gift of Immortality!" You ascend to the status of Demigoddess... Final status: Farvel MTF the Demigoddess, ascended... You went to your reward with 281732 points, Excalibur (worth 4000 zorkmids) The Orb of Fate (worth 3500 zorkmids) The Candelabrum of Invocation (worth 5000 zorkmids) Mjollnir (worth 4000 zorkmids) 5 amethyst stones (worth 3000 zorkmids), 3 diamonds (worth 12000 zorkmids), 3 rubies (worth 10500 zorkmids), 3 emeralds (worth 7500 zorkmids), 1 amulet of ESP (worth 150 zorkmids), 1 amulet of life saving (worth 150 zorkmids), 1 amulet of reflection (worth 150 zorkmids), 1 amulet of magical breathing (worth 150 zorkmids), and 1052 pieces of gold, after 57885 moves. You were level 27 with a maximum of 232 hit points when you ascended.